 Dungeon Crawl Stone Soup version 0.13-a0-2531-g2ad9301 (webtiles) character file.

435 Rycklaryybbe the Chiller (level 5, -1/38 HPs)
             Began as a Demigod Ice Elementalist on July 26, 2013.
             Slain by a hound (5 damage)
             ... on Level 4 of the Dungeon.
             The game lasted 00:13:23 (4354 turns).

Rycklaryybbe the Chiller (Demigod Ice Elementalist) Turns: 4354, Time: 00:13:23

HP  -1/38        AC  4     Str 11      XL: 5   Next: 68%
MP   2/16        EV 12     Int 20      God:
Gold 168         SH  0     Dex 18      Spells:  2 memorised,  9 levels left

Res.Fire  : . . .   See Invis. : .   y - +0 orc falchion
Res.Cold  : . . .   Warding    : .   a - +0 robe
Life Prot.: . . .   Conserve   : .   (no shield)
Res.Poison: +       Res.Corr.  : .   (no helmet)
Res.Elec. : .       Clarity    : .   (no cloak)
Sust.Abil.: . .     Spirit.Shd : .   E - +0 pair of gloves
Res.Mut.  : .       Stasis     : .   p - +0 pair of boots (curse)
Res.Rott. : .       Flight     : .   (no amulet)
Saprovore : . . .                    (no ring)
                                     q - ring of poison resistance {unknown}

@: slightly resistant to hostile enchantments, fairly stealthy
A: no striking features
a: no special abilities


You were on level 4 of the Dungeon.
You were not hungry.

You visited 1 branch of the dungeon, and saw 4 of its levels.

You collected 148 gold pieces.

Inventory:

Hand weapons
 m - a +0,+0 short sword
 o - a +1,+0 elven short sword
 w - a +0,+0 spear (quivered)
 y - a +0,+0 orcish falchion (weapon)
Missiles
 d - 2 poisoned needles
Armour
 a - a +0 robe (worn)
 p - a cursed +0 pair of boots (worn)
 x - a +0 robe
 E - a +0 pair of gloves (worn)
Magical devices
 B - a wand of hasting (1) {unknown}
Comestibles
 c - 2 bread rations
 l - an apple
 t - 3 meat rations
 C - a pear
Scrolls
 e - a scroll of remove curse {unknown}
 g - a scroll of curse armour {unknown}
 i - a scroll of random uselessness {unknown}
 j - a scroll of curse jewellery {unknown}
 k - 2 scrolls of fog {unknown}
 n - a scroll of enchant weapon I {unknown}
 r - 3 scrolls of identify {unknown}
 s - a scroll of amnesia {unknown}
 u - a scroll of noise {unknown}
 v - a scroll of teleportation {unknown}
 A - a scroll of enchant weapon II {unknown}
Jewellery
 q - a ring of poison resistance (left hand) {unknown}
Potions
 f - 2 potions of mutation {unknown}
 h - a potion of agility {unknown}
 z - a potion of poison {unknown}
Books
 b - a book of Frost

   Spells                             Type                      Level
   *Freeze                            Ice                          1
   *Throw Frost                       Conjuration/Ice              2
   Ozocubu's Armour                   Charms/Ice                   3
   Throw Icicle                       Conjuration/Ice              4
   Summon Ice Beast                   Ice/Summoning                4
   Condensation Shield                Ice                          4


   Skills:
 - Level 1.7 Dodging
 - Level 1.7 Stealth
 + Level 4.0 Spellcasting
 - Level 0.8 Conjurations
 - Level 4.2 Ice Magic


You had 9 spell levels left.
You knew the following spells:

 Your Spells              Type           Power        Failure   Level  Hunger
a - Freeze                Ice            ###.         2%          1    None
b - Throw Frost           Conj/Ice       ##....       10%         2    #......


Dungeon Overview and Level Annotations

Branches:
Dungeon (4/27)
 Temple: D:4-7

Annotations
D:3 Grinder
D:4 Prince Ribbit


Message History

You hit the goblin.
You kill the goblin!
The hound bites you. The giant gecko bites you. The hound bites you.
Unknown command.
The hound bites you. The hound misses you. The giant gecko barely misses you.
The hound closely misses you.
You see here a +0 pair of gauntlets.
Prince Ribbit asks, "Just a little smooch?"
You closely miss the hound. The hound misses you.
The giant gecko bites you but does no damage.
The hound barely misses you.
Prince Ribbit hits you but does no damage.
The giant gecko bites you.
You miss Prince Ribbit.
Prince Ribbit is severely wounded.
The hound bites you but does no damage. Prince Ribbit hits you!
* * * LOW HITPOINT WARNING * * *
The hound bites you.
You die...

...................
....................
.........%..........
....................
.....................
.....................
.......>.............
.........lhF.........
..........@...........
.......................
.............###.......
............###..........
............###..........
........................
........................
.................>......
..........[............


You could see Prince Ribbit, a hound and a giant gecko.

Vanquished Creatures
  A centaur skeleton (D:4)
  An orc wizard (D:3)
  A worker ant (D:4)
  Ijyb (D:3)
  Terence (D:3)
  3 gnolls
  3 adders
  A worm (D:2)
  6 giant geckos
  An ooze (D:2)
  7 orcs
  9 bats
  A giant cockroach (D:1)
  7 goblins
  10 hobgoblins
  8 jackals
  9 kobolds
  3 quokkas
  2 giant newts
  13 rats
88 creatures vanquished.

Notes
Turn   | Place    | Note
--------------------------------------------------------------
     0 | D:1      | Rycklaryybbe, the Demigod Ice Elementalist, began the quest for the Orb.
     0 | D:1      | Reached XP level 1. HP: 14/14 MP: 5/5
   252 | D:1      | Reached skill level 3 in Ice Magic
   384 | D:1      | Reached XP level 2. HP: 15/20 MP: 3/6
   432 | D:1      | Learned a level 2 spell: Throw Frost
   580 | D:1      | HP: 1/20 [bat (1)]
  1472 | D:2      | Reached XP level 3. HP: 11/26 MP: 2/8
  1923 | D:2      | Reached skill level 4 in Ice Magic
  2566 | D:2      | Reached XP level 4. HP: 27/33 MP: 1/11
  2993 | D:3      | Noticed Terence
  3000 | D:3      | Killed Terence
  3025 | D:3      | Noticed Ijyb
  3133 | D:3      | Killed Ijyb
  3323 | D:3      | Reached XP level 5. HP: 38/38 MP: 7/14
  3682 | D:3      | Noticed Grinder
  4323 | D:4      | Noticed Prince Ribbit
  4354 | D:4      | Slain by a hound

Action                   |  1- 3 |  4- 6 || total
-------------------------+-------+-------++-------
Melee: Unarmed           |    46 |       ||    46
       Short sword       |    41 |     3 ||    44
       Spear             |       |    22 ||    22
       Falchion          |       |    52 ||    52
 Cast: Freeze            |    51 |    25 ||    76
       Throw Frost       |    18 |    61 ||    79
 Stab: Sleeping          |       |     1 ||     1
